 Dungeon Crawl Stone Soup version 0.30-a0-852-g08b95dd62f (webtiles) character file.

Game seed: 6393869953963884602

114 BubbleThief the Poker (level 4, 0/37 HPs)
             Began as a Demonspawn Cinder Acolyte on Mar 5, 2023.
             Was a High Priest of Ignis.
             Slain by Ijyb
             ... wielding a +0 club
              (5 damage)
             ... on level 3 of the Dungeon.
             The game lasted 00:03:47 (1799 turns).

BubbleThief the Poker (Demonspawn Cinder Acolyte)   Turns: 1799, Time: 00:03:48

Health: 0/37       AC:  2    Str: 17    XL:     4   Next: 67%
Magic:  5/5        EV: 11    Int: 15    God:    Ignis [*****.]
Gold:   86         SH:  0    Dex:  8    Spells: 3/5 levels left

rFire   + . .      SeeInvis .    a - -1 spear (flame)
rCold   . . .      Faith    .    (no shield)
rNeg    . . .      Spirit   .    b - +0 robe
rPois   .          Reflect  .    (no helmet)
rElec   .          Rampage  .    (no cloak)
rCorr   .                        (no gloves)
Will    .....                    (no boots)
Stlth   +                        (no amulet)
HPRegen 0.26/turn                (no ring)
MPRegen 0.09/turn                (no ring)

@: no status effects
A: spiny 1
a: Renounce Religion, Fiery Armour, Foxfire Swarm, Rising Flame


You were on level 3 of the Dungeon.
You worshipped Ignis.
Ignis was extremely pleased with you.
You visited 1 branch of the dungeon, and saw 3 of its levels.

You collected 86 gold pieces.

Inventory:

Hand Weapons
 a - a -1 spear of flaming (weapon)
Missiles
 k - 3 atropa-tipped darts (quivered)
Armour
 b - a +0 robe (worn)
Wands
 i - a wand of quicksilver (2)
Scrolls
 d - a scroll of teleportation {unknown}
 e - 2 scrolls of silence {unknown}
 f - 3 scrolls of identify {unknown}
 m - a scroll of noise {unknown}
Potions
 c - a potion of degeneration {unknown}
 g - a potion of heal wounds {unknown}
 h - a potion of lignification {unknown}
 j - a potion of attraction {unknown}
 l - 2 potions of curing {unknown}


   Skills:
 + Level 3.9 Fighting
 * Level 4.3 Polearms
 - Level 1.0 Spellcasting
 - Level 2.6 Fire Magic


You had 3 spell levels left.
You knew the following spells:

 Your Spells              Type           Power      Damage    Failure   Level
a - Scorch                Fire           16%        2d6       12%         2

Your spell library contained the following spells:

 Spells                   Type           Power      Damage    Failure   Level
 Ozocubu's Armour         Ice            0%         N/A       58%         3
 Metabolic Englaciation   Hex/Ice        0%         N/A       100%        5
 Simulacrum               Ice/Necr       0%         N/A       100%        6


Dungeon Overview and Level Annotations

Branches:
Dungeon (3/15)

Altars:

Annotations:
D:3 Ijyb


Innate Abilities, Weirdness & Mutations

You are partially covered in sharp spines.


Message History

Ijyb is heavily wounded.
Ijyb hits you with a +0 club.
You hit Ijyb but do no damage.
Ijyb is heavily wounded.
Ijyb hits you with a +0 club.
You hit Ijyb. You burn Ijyb.
Ijyb is severely wounded.
Ijyb hits you with a +0 club.
You hit Ijyb but do no damage.
Ijyb is severely wounded.
You hit Ijyb but do no damage.
Ijyb is severely wounded.
Ijyb hits you with a +0 club.
You closely miss Ijyb.
Ijyb is severely wounded.
Ijyb hits you with a +0 club.
* * * LOW HITPOINT WARNING * * *
You closely miss Ijyb.
Ijyb is severely wounded.
Ijyb is struck by your spines. Ijyb hits you with a +0 club.
* * * LOW HITPOINT WARNING * * *
You hit Ijyb but do no damage.
Ijyb is severely wounded.
Ijyb hits you with a +0 club.
* * * LOW HITPOINT WARNING * * *
You hit Ijyb. You burn Ijyb.
Ijyb is almost dead.
Ijyb barely misses you.
You closely miss Ijyb.
Ijyb is almost dead.
Ijyb barely misses you.
You closely miss Ijyb.
Ijyb is almost dead.
Ijyb hits you but does no damage.
You hit Ijyb but do no damage.
Ijyb is almost dead.
You hit Ijyb but do no damage.
Ijyb is almost dead.
Ijyb hits you with a +0 club.
You die...

...)......
.........
.........
#+#........
#.#........
#.#)#
###.#.#
###+#<..#.#
#.......@g#
#.........#
#.........#
#.........#
#.........#
#.........#
#.........#
#.........#


You could see Ijyb.

Vanquished Creatures
  5 adders (D:2)
  A worm (D:2)
  2 dart slugs (D:1)
  An orc (D:3)
  11 bats
  4 endoplasms
  A giant cockroach (D:2)
  6 hobgoblins
  4 quokkas
  5 ball pythons (D:1)
  A frilled lizard (D:2)
  6 goblins
  5 kobolds
  4 rats
56 creatures vanquished.

Notes
Turn   | Place    | Note
-------+----------+-------------------------------------------
     0 | D:1      | BubbleThief the Demonspawn Cinder Acolyte began the quest
                  | for the Orb.
     0 | D:1      | Reached XP level 1. HP: 18/18 MP: 2/2
    46 | D:1      | Reached skill level 3 in Polearms
    66 | D:1      | Gained mutation: You are partially covered in sharp spines.
                  | [demonic ancestry]
    66 | D:1      | Reached XP level 2. HP: 10/24 MP: 3/3
   380 | D:1      | Learned a level 2 spell: Scorch
   389 | D:1      | Reached XP level 3. HP: 29/29 MP: 4/4
  1076 | D:2      | Reached skill level 4 in Polearms
  1076 | D:2      | Reached XP level 4. HP: 18/37 MP: 5/5
  1300 | D:2      | Identified the +3 whip "Tifurr" {holy, rN+}
  1772 | D:3      | Noticed Ijyb
  1799 | D:3      | Slain by Ijyb

Illustrated notes

Levels and vault maps discovered:
D:1:      minmay_arrival_doors, layout_basic, minmay_octomino_c4
D:2:      layout_rooms, serial_curves, eino_curves_02, eino_curves_01,
          serial_park_tiny_pond
D:3:      layout_basic, uniq_ijyb, uniq_terence, uniq_crazy_yiuf_cottage

Skill      XL: |  1  2  3 |
---------------+----------+-----
Polearms       | 3 4 |  4.3
Fighting       | |  3.9
Spellcasting   | |  1.0
Fire Magic     | |  2.6

Action                     |  1- 3 |  4- 6 || total
---------------------------+-------+-------++-------
  Melee: Spear             |    96 |    54 ||   150
         Punch             |     1 |       ||     1
   Cast: Scorch            |       |     3 ||     3
   Stab: Sleeping          |     1 |       ||     1
 Armour: Robe              |    15 |     6 ||    21
  Dodge: Dodged            |    26 |     9 ||    35

Table legend: (Time is in decaauts)
 A = Elapsed time spent in this place.
 B = Non-inter-level travel time spent in this place.
 C = Inter-level travel time spent in this place.
 D = Time resting spent in this place.
 E = Time spent auto-exploring this place.
 F = Levels seen in this place.
 G = Mean time per level.
                   A        B        C        D        E       F      G
               +--------+--------+--------+--------+--------+-----+--------+
         Total |   1786 |   1741 |     45 |      5 |   1406 |   3 |  595.3 |
       Dungeon |   1786 |   1741 |     45 |      5 |   1406 |   3 |  595.3 |
               +--------+--------+--------+--------+--------+-----+--------+

Top non-repeatable levels by time:
     D:1: 982 daAuts
     D:2: 772 daAuts
     D:3: 31 daAuts
